 Seeded DCSS version 0.29.1-15-g9cfb28693d (webtiles) character file.

Game seed: 15822848163574757677 (custom seed)

620 kingofthe the Conjurer (level 7, -1/36 HPs)
             Began as a Deep Elf Conjurer on Mar 9, 2023.
             Was an Initiate of Sif Muna.
             Slain by Dowan
             ... wielding a +0 dagger
              (4 damage)
             ... on level 4 of the Dungeon.
             The game lasted 00:08:55 (4075 turns).

kingofthe the Conjurer (Deep Elf Conjurer)          Turns: 4075, Time: 00:08:56

Health: -1/36      AC:  3    Str:  4    XL:     7   Next: 22%
Magic:  4/18       EV: 13    Int: 23    God:    Sif Muna [......]
Gold:   221        SH:  0    Dex: 15    Spells: 10/18 levels left

rFire   . . .      SeeInvis .   a - staff of conjuration {!a}
rCold   . . .      Faith    .   (no shield)
rNeg    . . .      Spirit   .   u - +0 robe
rPois   .          Reflect  .   (no helmet)
rElec   .          Harm     .   (no cloak)
rCorr   .          Rampage  .   h - +0 pair of gloves
Will    .....                   (no boots)
Stlth   ++........              (no amulet)
HPRegen 0.12/turn               (no ring)
MPRegen 0.16/turn               (no ring)

@: no status effects
A: no striking features
a: Renounce Religion


You were on level 4 of the Dungeon.
You worshipped Sif Muna.
Sif Muna was noncommittal.
You visited 1 branch of the dungeon, and saw 4 of its levels.

You collected 221 gold pieces.


   Skills:
 - Level 3.5 Dodging
 - Level 3.0 Stealth
 + Level 6.1 Spellcasting
 + Level 6.2 Conjurations
 * Level 5.8 Hexes


You had 10 spell levels left.
You knew the following spells:

 Your Spells              Type           Power      Damage    Failure   Level
a - Magic Dart            Conj           100%       1d8       1%          1
b - Searing Ray           Conj           100%       2d8       1%          2
c - Foxfire               Conj/Fire      100%       2x1d9     2%          1
d - Fulminant Prism       Conj/Hex       25%        3d14      7%          4

Your spell library contained the following spells:

 Spells                   Type           Power      Damage    Failure   Level
 Dazzling Flash           Conj/Hex       100%       N/A       1%          3
 Conjure Flame            Conj/Fire      32%        6-21      7%          3
 Stone Arrow              Conj/Erth      64%        3d11      7%          3
 Inner Flame              Hex/Fire       20%        N/A       8%          3
 Portal Projectile        Hex/Tloc       40%        N/A       8%          3
 Mephitic Cloud           Conj/Pois/Air  24%        N/A       11%         3
 Flame Wave               Conj/Fire      32%        2d9       24%         4
 Iskenderun's Mystic Bla  Conj/Tloc      32%        2d8       24%         4
 Call Canine Familiar     Summ           7%         N/A       26%         3
 Ignite Poison            Fire/Tmut/Pois 7%         N/A       26%         3
 Leda's Liquefaction      Hex/Erth       10%        N/A       26%         4
 Animate Armour           Summ/Erth      14%        N/A       63%         4
 Freezing Cloud           Conj/Ice/Air   12%        6-21      69%         5
 Lehudib's Crystal Spear  Conj/Erth      16%        10d5      100%        8

Inventory:

Missiles
 r - a throwing net {=f}
Armour
 h - a +0 pair of gloves (worn)
 i - the +1 ring mail "Vuekuas" {Will+ Str+3}
   (You found it on level 2 of the Dungeon)

   Str:       It affects your strength (+3).
   Will:      It increases your willpower.
 o - the +3 scale mail of the Viny Hot Ocelot {rElec rPois Stlth+}
   (You found it on level 3 of the Dungeon)

   rElec:     It insulates you from electricity.
   rPois:     It protects you from poison.
   Stlth:     It makes you more stealthy.
 u - a +0 robe (worn)
Magical Staves
 a - a staff of conjuration (weapon) {!a}
 b - a staff of fire {!a}
 c - a staff of cold {!a}
Wands
 l - a wand of quicksilver (2)
Scrolls
 e - 2 scrolls of vulnerability {unknown}
 g - a scroll of brand weapon {unknown}
 j - 2 scrolls of teleportation {unknown}
 n - a scroll of noise {unknown}
 s - a scroll of amnesia
 x - 6 scrolls of identify {unknown}
Potions
 d - a potion of experience {unknown}
 f - 3 potions of haste {unknown}
 k - a potion of curing {unknown}
 m - 2 potions of mutation {unknown}
 p - a potion of degeneration {unknown}
 q - a potion of flight {unknown}
 t - 2 potions of ambrosia {unknown}
 v - a potion of resistance {unknown}
 w - a potion of magic

Dungeon Overview and Level Annotations

Branches:
Dungeon (4/15)
 Temple: D:4-7

Altars:
Sif Muna
Trog
Zin

Annotations:
D:4 Dowan

............#
............# .
#..........#######..
#..........##...=... #
####..........##......(
##
.................).....
.# #...................
.# #......†....#.....[.
.# ###@e).###(..#######
.########
######†##.#####..#
........#
#......##.....##..#
#.#####.# #.#######.....#
...# ...# #.###.# #.....#
.#... #..####.#...##
#.....# ###.
#............# #.....#
#.#####...##.# #^....#
.............######.....#


You could see Dowan (fast).


Message History

The foxfire hits Duvessa but does no damage.
Duvessa is almost dead.
The foxfire hits Duvessa.
Duvessa is almost dead.
Duvessa hits you with a +0 rapier.
* * * LOW HITPOINT WARNING * * *
Duvessa attacks as you move away! Duvessa hits you with a +0 rapier.
* * * LOW HITPOINT WARNING * * *
Casting: Foxfire (safe; 2% risk of failure)
Confirm with . or Enter, or press ? or * to list all spells.
Aiming: Searing Ray (safe; 1% risk of failure)
Press: ? - help, Shift-Dir - straight line, f - Duvessa
Aim: Duvessa, wielding a +0 rapier and wearing a +0 leather armour (almost dead, 85% to hit)
You feel a surge of power!
The searing ray hits Duvessa.
You kill Duvessa!
Sif Muna accepts your kill.
Dowan's eyes darken. "You have made a black mistake."
Dowan seems to find hidden reserves of power! (Press . to maintain the ray.)
Your Spellcasting skill increases to level 6!
As you read the scroll labelled LADOEF WASIU, it crumbles to dust.
It is a scroll of amnesia.
Really abort (and waste the scroll)? [Y]es or [N]o only, please.
Really abort (and waste the scroll)?
Okay, then.
Dowan hits you with a +0 dagger.
* * * LOW HITPOINT WARNING * * *
Dowan hits you with a +0 dagger.
You die...

Skill      XL: |  1  2  3  4  5  6  7 |
---------------+----------------------+-----
Dodging        | 3 |  3.5
Stealth        | 3 |  3.0
Spellcasting   | 4 5 6 |  6.1
Conjurations   | 5 6 |  6.2
Hexes          | 2 4 5 |  5.8

Action                   |  1- 3 |  4- 6 |  7- 9 || total
-------------------------+-------+-------+-------++-------
Melee: Unarmed           |     1 |       |       ||     1
 Cast: Magic Dart        |    76 |    28 |       ||   104
       Searing Ray       |     2 |     5 |     1 ||     8
       Foxfire           |     5 |    34 |     8 ||    47
  Use: Scroll            |       |       |     1 ||     1
Armor: Robe              |     2 |       |       ||     2
Dodge: Dodged            |     3 |     3 |     1 ||     7

Levels and vault maps discovered:
D:1:      heliophobic_arrival_enchanted_forest, layout_loops_ring,
          minmay_misc_feat_enclosed, minmay_tromino_v4_a
D:2:      kennysheep_big_flooded_room, layout_rooms, kennysheep_generic_room_13
D:3:      layout_loops_corners, zin_statuary, mainiacjoe_overflow_boulevard,
          mainiacjoe_overflow_six_doors_small, guppyfry_early_lair_pool,
          uniq_jessica
D:4:      layout_rooms, uniq_duvessa

Notes
Turn   | Place    | Note
-------+----------+-------------------------------------------
     0 | D:1      | kingofthe the Deep Elf Conjurer began the quest for the
                  | Orb.
     0 | D:1      | Reached XP level 1. HP: 10/10 MP: 6/6
   254 | D:1      | Reached XP level 2. HP: 15/15 MP: 1/8
   257 | D:1      | Learned a level 2 spell: Searing Ray
   482 | D:1      | Reached skill level 3 in Dodging
   666 | D:1      | Reached XP level 3. HP: 14/19 MP: 1/10
  1146 | D:2      | Reached skill level 3 in Stealth
  1452 | D:2      | Identified the +1 ring mail "Vuekuas" {Will+ Str+3}
  1654 | D:2      | Learned a level 1 spell: Foxfire
  1725 | D:2      | Reached skill level 4 in Spellcasting
  1725 | D:2      | Reached skill level 5 in Conjurations
  1849 | D:3      | Noticed Jessica
  1855 | D:3      | Killed Jessica
  1856 | D:3      | Reached XP level 4. HP: 5/24 MP: 8/12
  1863 | D:3      | Learned a level 4 spell: Fulminant Prism
  2115 | D:3      | Found a bloodstained altar of Trog.
  2194 | D:3      | Identified the +3 scale mail of the Viny Hot Ocelot {rElec
                  | rPois Stlth+}
  2460 | D:3      | Reached skill level 1 in Hexes
  2567 | D:3      | Found a shimmering blue altar of Sif Muna.
  2589 | D:3      | Became a worshipper of Sif Muna the Loreminder
  3005 | D:3      | Found a glowing silver altar of Zin.
  3167 | D:4      | Noticed a scorpion
  3176 | D:4      | Killed a scorpion
  3177 | D:4      | Reached skill level 2 in Hexes
  3177 | D:4      | Reached XP level 5. HP: 13/28 MP: 5/14
  3472 | D:4      | Reached skill level 5 in Spellcasting
  3472 | D:4      | Reached skill level 3 in Hexes
  3629 | D:4      | Noticed a phantom
  3639 | D:4      | Killed a phantom
  3640 | D:4      | Reached skill level 4 in Hexes
  3640 | D:4      | Reached XP level 6. HP: 32/32 MP: 9/16
  4052 | D:4      | Reached skill level 6 in Conjurations
  4052 | D:4      | Reached skill level 5 in Hexes
  4052 | D:4      | Reached XP level 7. HP: 36/36 MP: 11/17
  4053 | D:4      | Noticed Duvessa
  4067 | D:4      | Noticed Dowan
  4073 | D:4      | Killed Duvessa
  4074 | D:4      | Reached skill level 6 in Spellcasting
  4075 | D:4      | HP: 3/36 [Dowan/+0 dagger (6)]
  4075 | D:4      | Slain by Dowan

Vanquished Creatures
  Duvessa (D:4)
  An ogre (D:4)
  2 phantoms (D:4)
  2 scorpions (D:4)
  Jessica (D:3)
  An iguana (D:4)
  3 adders
  2 worms (D:2)
  3 dart slugs
  4 orcs (D:3)
  8 endoplasms
  A giant cockroach (D:1)
  9 goblins
  4 hobgoblins
  4 jackals (D:3)
  4 quokkas
  10 ball pythons
  3 bats
  4 frilled lizards (D:1)
  9 kobolds
  2 rats
78 creatures vanquished.

Vanquished Creatures (others)
  81 foxfires
81 creatures vanquished.

Grand Total: 159 creatures vanquished

Table legend: (Time is in decaauts)
 A = Elapsed time spent in this place.
 B = Non-inter-level travel time spent in this place.
 C = Inter-level travel time spent in this place.
 D = Time resting spent in this place.
 E = Time spent auto-exploring this place.
 F = Levels seen in this place.
 G = Mean time per level.
                   A        B        C        D        E       F      G
               +--------+--------+--------+--------+--------+-----+--------+
         Total |   4075 |   3976 |     99 |    330 |   3233 |   4 | 1018.8 |
       Dungeon |   4075 |   3976 |     99 |    330 |   3233 |   4 | 1018.8 |
               +--------+--------+--------+--------+--------+-----+--------+

Top non-repeatable levels by time:
     D:3: 1334 daAuts
     D:1: 1207 daAuts
     D:4: 907 daAuts
     D:2: 626 daAuts

Table legend:
 A = Non-vault XP
 B = Vault XP
 C = Vault XP percentage of total XP
 D = Non-vault monster count
 E = Vault monster count
 F = Vault count percentage of total count
                 A         B        C        D         E       F
            +---------+---------+-------+---------+---------+-------
      Total |     689 |     197 |  22.2 |      69 |       9 |  11.5
            +---------+---------+-------+---------+---------+-------
        D:1 |      46 |       6 |  11.5 |      27 |       4 |  12.9
        D:2 |      34 |       7 |  17.1 |      10 |       3 |  23.1
        D:3 |      36 |      37 |  50.7 |      15 |       1 |   6.2
        D:4 |     573 |     147 |  20.4 |      17 |       1 |   5.6
            +---------+---------+-------+---------+---------+-------
